Panthers vs Sharks
Created - February 20, 2019 at 06:51
Goals
|
| Panthers |
2 |
0 |
3 |
0 |
0 |
5 |
| Sharks |
0 |
2 |
3 |
0 |
1 |
6 |
|
Shots
|
| Panthers |
16 |
15 |
7 |
0 |
3 |
38 |
| Sharks |
7 |
10 |
9 |
7 |
2 |
33 |
|
1st period
1. Panthers , Alex Galchenyuk 10 (Matt Duchene 42, Tomas Kopecky 25) at 3:10 (PP)
2. Panthers , Alex Galchenyuk 11 (Matt Duchene 43) at 13:37 (PP)
Penalties :
Nick Palmieri (SJS) for Slashing (Minor) at 2:45, Jonathan Sigalet (Flo) for Interference (Minor) at 7:12, Jordan LaVallee (SJS) for Tripping (Minor) at 12:31
2nd period
3. Sharks , Milan Michalek 21 (Jason Spezza 33, Maxim Afinogenov 20) at 7:58
4. Sharks , Jason Spezza 31 (Andrej Sekera 13) at 8:04
Penalties :
Tomas Kopecky (Flo) for Hooking (Minor) at 1:37, Maxim Afinogenov (SJS) for Hooking (Minor) at 8:22, Maxim Afinogenov (SJS) for Hooking (Minor) at 18:36
3rd period
5. Panthers , Eric Wellwood 7 (Patrick Eaves 7, Erik Christensen 16) at 3:35
6. Sharks , Maxim Afinogenov 21 (Jason Spezza 34, Milan Michalek 22) at 3:48
7. Panthers , Kyle Clifford 27 (Jean-Gabriel Pageau 14, Matthew Spiller 18) at 7:48
8. Sharks , Jason Spezza 32 (Maxim Afinogenov 21) at 8:00 (PP)
9. Panthers , Steve Quailer 4 (Daniel Sedin 9, Erik Christensen 17) at 15:28
10. Sharks , Maxim Afinogenov 22 (Jason Spezza 35, Milan Michalek 23) at 19:09
Penalties :
Jordan LaVallee (SJS) for Tripping (Minor) at 1:02, Jonathan Sigalet (Flo) for Elbowing (Minor) at 7:55, Jonathan Sigalet (Flo) for Delaying the game (Minor) at 12:23, Patrick Eaves (Flo) for Hooking (Minor) at 16:50
Overtime #1
No Goal
Penalties :
No Penalty
Shootout
Panthers, Alex Galchenyuk - Stopped by Tyler Weiman
Sharks, Jason Spezza - Goal!
Panthers, Daniel Sedin - Stopped by Tyler Weiman
Sharks, Milan Michalek - Shot Misses the Net
Panthers, Drew Stafford - Stopped by Tyler Weiman
Penalties :
No Penalty
Goalie Stats
Petr Mrazek (Flo), 28 saves from 33 shots - (0.848), OTL, 4-10-2, 65:00 minutes
Tyler Weiman (SJS), 33 saves from 38 shots - (0.868), W, 18-16-8, 64:48 minutes
Players Stats for Panthers
Player Name G A P +/- PIM S H SB GA TA FO MP PP MP PK MP
------------------------------------------------------------------------------------
Alex Galchenyuk 2 0 2 -2 0 6 1 2 0 1 0/0 22:30 4:54 0:40
Daniel Sedin 0 1 1 1 0 0 0 0 0 1 1/1 9:56 0:00 0:00
Drew Stafford 0 0 0 -1 0 3 0 1 0 1 0/0 20:26 2:34 4:14
Eric Wellwood 1 0 1 1 0 3 0 2 0 1 0/0 7:52 0:00 0:00
Erik Christensen 0 2 2 1 0 3 0 0 0 1 6/12 14:23 0:00 4:18
Erik Gudbranson 0 0 0 0 0 4 0 1 0 0 0/0 33:03 5:21 4:53
Jean-Gabriel Pageau 0 1 1 -1 0 0 0 1 1 0 6/14 20:38 2:34 2:30
Jonathan Matsumoto 0 0 0 1 0 0 1 0 0 0 2/3 6:45 0:00 0:00
Jonathan Sigalet 0 0 0 -1 6 2 2 3 1 0 0/0 21:08 2:07 1:53
Kyle Clifford 1 0 1 -1 0 6 2 0 1 1 1/1 19:26 2:34 2:12
Matt Duchene 0 2 2 -2 0 2 1 1 1 0 21/38 21:18 4:54 0:00
Matthew Spiller 0 1 1 0 0 3 0 2 0 1 0/0 31:48 5:21 4:48
Mike Komisarek 0 0 0 -1 0 2 0 0 0 1 0/0 23:05 2:07 3:54
Mike Weber 0 0 0 0 0 0 0 0 0 1 0/0 9:38 0:00 0:00
Patrick Eaves 0 1 1 1 2 1 1 0 0 0 0/0 6:46 0:00 0:00
Radko Gudas 0 0 0 0 0 0 0 2 0 0 0/0 11:22 0:00 0:34
Steve Quailer 1 0 1 1 0 2 0 2 0 1 0/1 12:47 0:00 2:08
Tomas Kopecky 0 1 1 -2 2 1 0 1 0 0 1/4 19:03 4:54 0:00
Players Stats for Sharks
Player Name G A P +/- PIM S H SB GA TA FO MP PP MP PK MP
------------------------------------------------------------------------------------
Adam Larsson 0 0 0 -3 0 1 2 0 0 0 0/0 10:22 0:00 0:00
Andrej Sekera 0 1 1 3 0 3 1 1 0 0 0/0 30:29 5:08 4:34
Andrew MacDonald 0 0 0 1 0 1 0 2 0 0 0/0 24:09 2:53 2:54
Darren Helm 0 0 0 -1 0 0 0 0 0 0 2/3 7:33 0:00 0:16
Drew Doughty 0 0 0 3 0 1 0 2 0 0 0/0 30:29 5:08 4:34
Jason Spezza 2 3 5 4 0 5 1 1 1 1 23/45 25:59 4:03 4:41
Jiri Tlusty 0 0 0 -1 0 0 0 0 1 0 0/0 7:17 0:00 0:00
Jordan LaVallee 0 0 0 -1 4 3 1 0 1 1 0/0 8:12 0:06 0:17
Maxim Afinogenov 2 2 4 4 4 7 1 0 0 0 2/4 21:13 4:03 0:47
Maxim Kondratiev 0 0 0 -3 0 0 0 0 0 0 0/0 10:22 0:00 0:00
Milan Michalek 1 2 3 4 0 2 2 0 0 0 2/3 25:59 4:03 4:41
Nate Prosser 0 0 0 1 0 1 1 3 3 2 0/0 24:09 2:53 2:54
Nick Palmieri 0 0 0 -1 2 2 2 0 1 0 0/0 15:54 3:41 0:00
Nikolai Kulemin 0 0 0 -1 0 4 1 0 0 0 1/1 16:17 3:41 0:22
Oskar Osala 0 0 0 -1 0 0 1 1 1 0 0/0 10:42 0:18 0:00
Rob Schremp 0 0 0 -1 0 1 1 0 1 0 3/8 10:52 0:17 0:00
Stefan Ruzicka 0 0 0 -1 0 2 0 0 0 0 1/1 12:37 0:09 1:44
T.J. Hensick 0 0 0 -1 0 0 1 0 1 0 2/9 19:52 3:42 2:08
3 Stars
1 - Jason Spezza (SJS)
2 - Maxim Afinogenov (SJS)
3 - Milan Michalek (SJS)
Power Play
Panthers - 2 on 5 Attempt(s) - 40.00%
Sharks - 1 on 5 Attempt(s) - 20.00%
Penalty Kill
Panthers - 4 on 5 Attempt(s) - 80.00%
- Score 0 goal in Penalty Kill
Sharks - 3 on 5 Attempt(s) - 60.00%
- Score 0 goal in Penalty Kill
Team Stat
Panthers - Hits : 8 - Faceoff Wins : 38 - Blocked Shots : 18 - Penalty Minutes : 10
Sharks - Hits : 15 - Faceoff Wins : 36 - Blocked Shots : 10 - Penalty Minutes : 10
Official
Referees : Unknown
Linesman : Unknown
Game Notes
No Game Note
Finance
Level 1 -- Attendance: 4069 (67.82%) -- Ticket Income $386,555
Level 2 -- Attendance: 3250 (65.00%) -- Ticket Income $211,250
Level 3 -- Attendance: 1268 (63.40%) -- Ticket Income $57,060
Level 4 -- Attendance: 3906 (97.65%) -- Ticket Income $97,650
Luxury Box -- Attendance: 715 (71.50%) -- Ticket Income $132,275
Game was played at the Hockey Place Center.
Total Attendance: 13208 (73.38%)
Total Ticket Income: $884,790
Other Income: $132,718
Total Income: $1,017,508
Panthers
5 vs 5 Forward
Center Left Wing Right Wing Time % Phy DF OF
1 Matt Duchene Alex Galchenyuk Tomas Kopecky 40 1 2 2
2 Jean-Gabriel Pageau Kyle Clifford Drew Stafford 30 1 2 2
3 Erik Christensen Daniel Sedin Steve Quailer 20 1 2 2
4 Jonathan Matsumoto Eric Wellwood Patrick Eaves 10 1 2 2
5 vs 5 Defense
Defense Defense Time % Phy DF OF
1 Erik Gudbranson Matthew Spiller 40 1 2 2
2 Jonathan Sigalet Mike Komisarek 30 1 2 2
3 Mike Weber Radko Gudas 20 1 2 2
4 Erik Gudbranson Matthew Spiller 10 1 2 2
PowerPlay Forward
Center Left Wing Right Wing Time % Phy DF OF
1 Matt Duchene Alex Galchenyuk Tomas Kopecky 60 1 2 2
2 Jean-Gabriel Pageau Kyle Clifford Drew Stafford 40 1 2 2
PowerPlay Defense
Defense Defense Time % Phy DF OF
1 Erik Gudbranson Matthew Spiller 60 1 2 2
2 Jonathan Sigalet Mike Komisarek 40 1 2 2
Penalty Kill 4 Players Forward
Center Wing Time % Phy DF OF
1 Erik Christensen Drew Stafford 60 1 2 2
2 Jean-Gabriel Pageau Kyle Clifford 40 1 2 2
Penalty Kill 4 Players Defense
Defense Defense Time % Phy DF OF
1 Erik Gudbranson Matthew Spiller 60 1 2 2
2 Jonathan Sigalet Mike Komisarek 40 1 2 2
Penalty Kill - 3 Players Forward
Forward Time % Phy DF OF
1 Erik Christensen 60 1 2 2
2 Drew Stafford 40 1 2 2
Penalty Kill - 3 Players Defense
Defense Defense Time % Phy DF OF
1 Erik Gudbranson Matthew Spiller 60 1 2 2
2 Jonathan Sigalet Mike Komisarek 40 1 2 2
4 vs 4 Forward
Center Wing Time % Phy DF OF
1 Matt Duchene Alex Galchenyuk 60 1 2 2
2 Jean-Gabriel Pageau Kyle Clifford 40 1 2 2
4 vs 4 Defense
Defense Defense Time % Phy DF OF
1 Erik Gudbranson Matthew Spiller 60 1 2 2
2 Jonathan Sigalet Mike Komisarek 40 1 2 2
Last Minutes Offensive
Center Left Wing Right Wing Defense Defense
Matt Duchene Kyle Clifford Drew Stafford Erik Gudbranson Matthew Spiller
Last Minutes Defensive
Center Left Wing Right Wing Defense Defense
Jean-Gabriel Pageau Kyle Clifford Drew Stafford Erik Gudbranson Jonathan Sigalet
Goaltenders
Starting : Petr Mrazek
Backup : Antti Niemi
Extra Forwards
Normal : Jean-Gabriel Pageau, Matt Duchene, Alex Galchenyuk - PP : Alex Galchenyuk, Kyle Clifford - PK : Steve Quailer
Extra Defensemen
Normal : Mike Komisarek, Erik Gudbranson, Jonathan Sigalet - PP : Mike Weber - PK : Jonathan Sigalet, Erik Gudbranson
Penalty Shots
Alex Galchenyuk, Daniel Sedin, Drew Stafford, Erik Christensen, Kyle Clifford
Scratches
Nigel Dawes (Healthy), William Colbert (Healthy)
Sharks
5 vs 5 Forward
Center Left Wing Right Wing Time % Phy DF OF
1 Jason Spezza Milan Michalek Maxim Afinogenov 40 1 2 2
2 T.J. Hensick Nikolai Kulemin Nick Palmieri 30 1 2 2
3 Rob Schremp Oskar Osala Stefan Ruzicka 20 1 2 2
4 Darren Helm Jordan LaVallee Jiri Tlusty 10 1 2 2
5 vs 5 Defense
Defense Defense Time % Phy DF OF
1 Drew Doughty Andrej Sekera 40 1 2 2
2 Andrew MacDonald Nate Prosser 30 1 2 2
3 Maxim Kondratiev Adam Larsson 20 1 2 2
4 Drew Doughty Andrej Sekera 10 1 2 2
PowerPlay Forward
Center Left Wing Right Wing Time % Phy DF OF
1 Jason Spezza Milan Michalek Maxim Afinogenov 60 1 2 2
2 T.J. Hensick Nikolai Kulemin Nick Palmieri 40 1 2 2
PowerPlay Defense
Defense Defense Time % Phy DF OF
1 Drew Doughty Andrej Sekera 60 1 2 2
2 Andrew MacDonald Nate Prosser 40 1 2 2
Penalty Kill 4 Players Forward
Center Wing Time % Phy DF OF
1 Jason Spezza Milan Michalek 60 1 2 2
2 Maxim Afinogenov T.J. Hensick 40 1 2 2
Penalty Kill 4 Players Defense
Defense Defense Time % Phy DF OF
1 Drew Doughty Andrej Sekera 60 1 2 2
2 Andrew MacDonald Nate Prosser 40 1 2 2
Penalty Kill - 3 Players Forward
Forward Time % Phy DF OF
1 Jason Spezza 60 1 2 2
2 Milan Michalek 40 1 2 2
Penalty Kill - 3 Players Defense
Defense Defense Time % Phy DF OF
1 Drew Doughty Andrej Sekera 60 1 2 2
2 Andrew MacDonald Nate Prosser 40 1 2 2
4 vs 4 Forward
Center Wing Time % Phy DF OF
1 Jason Spezza Milan Michalek 60 1 2 2
2 Maxim Afinogenov T.J. Hensick 40 1 2 2
4 vs 4 Defense
Defense Defense Time % Phy DF OF
1 Drew Doughty Andrej Sekera 60 1 2 2
2 Andrew MacDonald Nate Prosser 40 1 2 2
Last Minutes Offensive
Center Left Wing Right Wing Defense Defense
Jason Spezza Milan Michalek Maxim Afinogenov Drew Doughty Andrej Sekera
Last Minutes Defensive
Center Left Wing Right Wing Defense Defense
Jason Spezza Milan Michalek Maxim Afinogenov Drew Doughty Andrej Sekera
Goaltenders
Starting : Tyler Weiman
Backup : Brent Krahn
Extra Forwards
Normal : Oskar Osala, Rob Schremp, Stefan Ruzicka - PP : Oskar Osala, Rob Schremp - PK : Stefan Ruzicka
Extra Defensemen
Normal : Maxim Kondratiev, Adam Larsson, Andrew MacDonald - PP : Maxim Kondratiev - PK : Adam Larsson, Andrew MacDonald
Penalty Shots
Jason Spezza, Milan Michalek, Maxim Afinogenov, T.J. Hensick, Nick Palmieri
Scratches
Ben Lovejoy (Left Forearm Injury), Mark Giordano (Healthy), Bobby Butler (Healthy), Brendon Nash (Healthy), Alec Martinez (Healthy)
% Time on Ice - Panthers
Lines # - Real PCT - Wanted PCT - Time Play
Normal Forward
1 - 32% - 40% - 14:17
2 - 30% - 30% - 13:15
3 - 22% - 20% - 9:56
4 - 15% - 10% - 6:45
Normal Defense
1 - 39% - 40% - 17:27
2 - 36% - 30% - 15:58
3 - 22% - 20% - 9:38
4 - 3% - 10% - 1:10
PP Forward
1 - 66% - 60% - 4:54
2 - 34% - 40% - 2:34
PP Defense
1 - 72% - 60% - 5:21
2 - 28% - 40% - 2:07
PK Forward
1 - 73% - 60% - 5:49
2 - 27% - 40% - 2:12
PK Defense
1 - 44% - 60% - 3:33
2 - 56% - 40% - 4:28
PK3 Forward
1 - 0% - 60%
2 - 0% - 40%
PK3 Defense
1 - 0% - 60%
2 - 0% - 40%
44 Forward
1 - 78% - 60% - 3:53
2 - 22% - 40% - 1:07
44 Defense
1 - 61% - 60% - 3:02
2 - 39% - 40% - 1:58
Last Minute Offensive - 0:00
Last Minute Defensive - 0:18
Total
Forward - 65:00
Defense - 65:00
|
% Time on Ice - Sharks
Lines # - Real PCT - Wanted PCT - Time Play
Normal Forward
1 - 33% - 40% - 14:30
2 - 28% - 30% - 12:21
3 - 23% - 20% - 10:04
4 - 16% - 10% - 7:17
Normal Defense
1 - 38% - 40% - 16:50
2 - 37% - 30% - 16:13
3 - 23% - 20% - 10:22
4 - 2% - 10% - 0:47
PP Forward
1 - 52% - 60% - 4:09
2 - 48% - 40% - 3:52
PP Defense
1 - 64% - 60% - 5:08
2 - 36% - 40% - 2:53
PK Forward
1 - 71% - 60% - 5:20
2 - 29% - 40% - 2:08
PK Defense
1 - 61% - 60% - 4:34
2 - 39% - 40% - 2:54
PK3 Forward
1 - 0% - 60%
2 - 0% - 40%
PK3 Defense
1 - 0% - 60%
2 - 0% - 40%
44 Forward
1 - 66% - 60% - 3:19
2 - 34% - 40% - 1:41
44 Defense
1 - 57% - 60% - 2:51
2 - 43% - 40% - 2:09
Last Minute Offensive - 0:19
Last Minute Defensive - 0:00
Total
Forward - 65:00
Defense - 65:00
|
Play-by-Play
1st period
0:01 of 1st period - Matt Duchene wins face-off versus Jason Spezza in neutral zone.
0:14 of 1st period - Slapshot by Erik Gudbranson.
0:14 of 1st period - Stopped by Tyler Weiman without a rebound.
0:15 of 1st period - T.J. Hensick wins face-off versus Jean-Gabriel Pageau in Sharks zone.
0:21 of 1st period - Icing by T.J. Hensick.
0:22 of 1st period - Jean-Gabriel Pageau wins face-off versus T.J. Hensick in Sharks zone.
2:05 of 1st period - Off-side.
2:06 of 1st period - Erik Christensen wins face-off versus Rob Schremp in neutral zone.
2:33 of 1st period - Radko Gudas is hit by Adam Larsson and loses puck.
2:45 of 1st period - Minor Penalty to Nick Palmieri for Slashing.
2:46 of 1st period - Matt Duchene wins face-off versus Jason Spezza in Sharks zone.
2:54 of 1st period - Slapshot by Tomas Kopecky.
2:54 of 1st period - Stopped by Tyler Weiman without a rebound.
2:55 of 1st period - Jason Spezza wins face-off versus Matt Duchene in Sharks zone.
3:10 of 1st period - Slapshot by Alex Galchenyuk.
3:10 of 1st period - Goal by Alex Galchenyuk - Panthers : 1 - Sharks : 0.
3:11 of 1st period - Jason Spezza wins face-off versus Matt Duchene in neutral zone.
3:18 of 1st period - Wrist shot by Jason Spezza.
3:18 of 1st period - Stopped by Petr Mrazek without a rebound.
3:19 of 1st period - Matt Duchene wins face-off versus Jason Spezza in Panthers zone.
3:46 of 1st period - Snap shot by Nick Palmieri.
3:46 of 1st period - Stopped by Petr Mrazek with a rebound.
3:56 of 1st period - Wrist shot by Nick Palmieri.
3:56 of 1st period - Shot Misses the Net.
4:06 of 1st period - Jordan LaVallee is hit by Kyle Clifford and loses puck.
6:16 of 1st period - Wrist shot by Matt Duchene.
6:16 of 1st period - Stopped by Tyler Weiman without a rebound.
6:17 of 1st period - Matt Duchene wins face-off versus Jason Spezza in Sharks zone.
6:44 of 1st period - Snap shot by Jiri Tlusty.
6:44 of 1st period - Shot Misses the Net.
6:46 of 1st period - Slapshot by Andrej Sekera.
6:46 of 1st period - Stopped by Petr Mrazek with a rebound.
6:48 of 1st period - Slapshot by Drew Doughty.
6:48 of 1st period - Shot Misses the Net.
6:50 of 1st period - Slapshot by Andrej Sekera.
6:50 of 1st period - Deflect By Darren Helm.
6:50 of 1st period - Shot Misses the Net.
6:50 of 1st period - Puck is out of play.
6:51 of 1st period - Jason Spezza wins face-off versus Jean-Gabriel Pageau in Panthers zone.
7:02 of 1st period - Snap shot by Jason Spezza.
7:02 of 1st period - Stopped by Petr Mrazek with a rebound.
7:04 of 1st period - Slapshot by Andrej Sekera.
7:04 of 1st period - Shot Blocked by Jonathan Sigalet.
7:06 of 1st period - Snap shot by Drew Doughty.
7:06 of 1st period - Shot Misses the Net.
7:12 of 1st period - Minor Penalty to Jonathan Sigalet for Interference.
7:13 of 1st period - Jason Spezza wins face-off versus Erik Christensen in Panthers zone.
8:18 of 1st period - Slapshot by Mike Komisarek.
8:18 of 1st period - Stopped by Tyler Weiman with a rebound.
9:08 of 1st period - Drew Stafford is hit by Milan Michalek and loses puck.
9:12 of 1st period - Penalty to Jonathan Sigalet is over, Jonathan Sigalet is back on ice.
10:36 of 1st period - Wrist shot by Daniel Sedin.
10:36 of 1st period - Shot Blocked by Andrew MacDonald.
10:38 of 1st period - Wrist shot by Erik Christensen.
10:38 of 1st period - Shot Misses the Net.
10:44 of 1st period - Snap shot by Steve Quailer.
10:44 of 1st period - Stopped by Tyler Weiman with a rebound.
10:46 of 1st period - Snap shot by Jonathan Sigalet.
10:46 of 1st period - Shot Misses the Net.
10:48 of 1st period - Wrist shot by Erik Christensen.
10:48 of 1st period - Shot Blocked by Nate Prosser.
10:56 of 1st period - Snap shot by Erik Christensen.
10:56 of 1st period - Stopped by Tyler Weiman with a rebound.
10:58 of 1st period - Slapshot by Jonathan Sigalet.
10:58 of 1st period - Shot Misses the Net.
11:25 of 1st period - Slapshot by Mike Komisarek.
11:25 of 1st period - Shot Misses the Net.
11:27 of 1st period - Wrist shot by Jonathan Sigalet.
11:27 of 1st period - Stopped by Tyler Weiman with a rebound.
11:29 of 1st period - Slapshot by Jonathan Sigalet.
11:29 of 1st period - Deflect By Erik Christensen.
11:29 of 1st period - Stopped by Tyler Weiman without a rebound.
11:30 of 1st period - Maxim Afinogenov wins face-off versus Matt Duchene in Sharks zone.
11:37 of 1st period - Snap shot by Maxim Afinogenov.
11:37 of 1st period - Stopped by Petr Mrazek with a rebound.
11:39 of 1st period - Snap shot by Maxim Afinogenov.
11:39 of 1st period - Shot Blocked by Matt Duchene.
11:41 of 1st period - Slapshot by Andrej Sekera.
11:41 of 1st period - Stopped by Petr Mrazek with a rebound.
12:31 of 1st period - Minor Penalty to Jordan LaVallee for Tripping.
12:32 of 1st period - Milan Michalek wins face-off versus Tomas Kopecky in Sharks zone.
12:46 of 1st period - Snap shot by Erik Gudbranson.
12:46 of 1st period - Deflect By Alex Galchenyuk.
12:46 of 1st period - Stopped by Tyler Weiman with a rebound.
13:03 of 1st period - Off-side.
13:04 of 1st period - Matt Duchene wins face-off versus Maxim Afinogenov in neutral zone.
13:30 of 1st period - Drew Doughty is hit by Kyle Clifford and loses puck.
13:35 of 1st period - Wrist shot by Kyle Clifford.
13:35 of 1st period - Deflect By Jean-Gabriel Pageau.
13:35 of 1st period - Shot Blocked by Drew Doughty.
13:35 of 1st period - Puck is out of play.
13:36 of 1st period - Matt Duchene wins face-off versus Jason Spezza in Sharks zone.
13:37 of 1st period - Wrist shot by Alex Galchenyuk.
13:37 of 1st period - Goal by Alex Galchenyuk - Panthers : 2 - Sharks : 0.
13:38 of 1st period - Jason Spezza wins face-off versus Matt Duchene in neutral zone.
13:41 of 1st period - Slapshot by Andrej Sekera.
13:41 of 1st period - Shot Blocked by Tomas Kopecky.
13:43 of 1st period - Slapshot by Andrej Sekera.
13:43 of 1st period - Shot Blocked by Matthew Spiller.
13:45 of 1st period - Slapshot by Drew Doughty.
13:45 of 1st period - Shot Misses the Net.
13:47 of 1st period - Wrist shot by Jason Spezza.
13:47 of 1st period - Shot Misses the Net.
13:53 of 1st period - Snap shot by Maxim Afinogenov.
13:53 of 1st period - Shot Misses the Net.
14:00 of 1st period - Icing by Matthew Spiller.
14:01 of 1st period - Matt Duchene wins face-off versus T.J. Hensick in Panthers zone.
14:10 of 1st period - Wrist shot by Drew Stafford.
14:10 of 1st period - Shot Blocked by Nate Prosser.
14:23 of 1st period - Icing by Matthew Spiller.
14:24 of 1st period - Matt Duchene wins face-off versus Jason Spezza in Panthers zone.
14:37 of 1st period - Wrist shot by Matthew Spiller.
14:37 of 1st period - Stopped by Tyler Weiman without a rebound.
14:38 of 1st period - Jason Spezza wins face-off versus Matt Duchene in Sharks zone.
15:05 of 1st period - Slapshot by Erik Christensen.
15:05 of 1st period - Shot Blocked by Andrej Sekera.
15:52 of 1st period - Slapshot by Alex Galchenyuk.
15:52 of 1st period - Stopped by Tyler Weiman without a rebound.
15:53 of 1st period - Darren Helm wins face-off versus Matt Duchene in Sharks zone.
16:24 of 1st period - Slapshot by Drew Stafford.
16:24 of 1st period - Shot Misses the Net.
16:26 of 1st period - Slapshot by Matthew Spiller.
16:26 of 1st period - Stopped by Tyler Weiman with a rebound.
16:28 of 1st period - Slapshot by Matthew Spiller.
16:28 of 1st period - Shot Misses the Net.
16:30 of 1st period - Snap shot by Drew Stafford.
16:30 of 1st period - Shot Blocked by Jason Spezza.
17:11 of 1st period - Wrist shot by Jordan LaVallee.
17:11 of 1st period - Stopped by Petr Mrazek without a rebound.
17:12 of 1st period - Matt Duchene wins face-off versus Jason Spezza in Panthers zone.
17:23 of 1st period - Slapshot by Erik Gudbranson.
17:23 of 1st period - Stopped by Tyler Weiman with a rebound.
18:27 of 1st period - Milan Michalek is hit by Jonathan Sigalet and loses puck.
18:34 of 1st period - Wrist shot by Eric Wellwood.
18:34 of 1st period - Stopped by Tyler Weiman with a rebound.
19:14 of 1st period - Wrist shot by T.J. Hensick.
19:14 of 1st period - Shot Blocked by Radko Gudas.
19:30 of 1st period - Wrist shot by Daniel Sedin.
19:30 of 1st period - Shot Misses the Net.
Goals for this period are 2 for Panthers vs 0 for Sharks.
Shots for this period are 16 for Panthers vs 7 for Sharks.
2nd period
0:01 of 2nd period - Matt Duchene wins face-off versus Jason Spezza in neutral zone.
0:34 of 2nd period - Slapshot by Drew Doughty.
0:34 of 2nd period - Shot Misses the Net.
0:36 of 2nd period - Wrist shot by Nikolai Kulemin.
0:36 of 2nd period - Stopped by Petr Mrazek without a rebound.
0:37 of 2nd period - Jason Spezza wins face-off versus Tomas Kopecky in Panthers zone.
0:42 of 2nd period - Snap shot by Jason Spezza.
0:42 of 2nd period - Stopped by Petr Mrazek without a rebound.
0:43 of 2nd period - Jason Spezza wins face-off versus Matt Duchene in Panthers zone.
1:17 of 2nd period - Wrist shot by Milan Michalek.
1:17 of 2nd period - Stopped by Petr Mrazek with a rebound.
1:19 of 2nd period - Slapshot by Nate Prosser.
1:19 of 2nd period - Shot Blocked by Alex Galchenyuk.
1:21 of 2nd period - Backhand shot by Milan Michalek.
1:21 of 2nd period - Shot Blocked by Alex Galchenyuk.
1:35 of 2nd period - Slapshot by Jason Spezza.
1:35 of 2nd period - Shot Misses the Net.
1:37 of 2nd period - Minor Penalty to Tomas Kopecky for Hooking.
1:38 of 2nd period - Erik Christensen wins face-off versus T.J. Hensick in Panthers zone.
1:47 of 2nd period - Erik Christensen is hit by Nikolai Kulemin and loses puck.
3:36 of 2nd period - Snap shot by Rob Schremp.
3:36 of 2nd period - Shot Misses the Net.
3:37 of 2nd period - Penalty to Tomas Kopecky is over, Tomas Kopecky is back on ice.
3:38 of 2nd period - Slapshot by Drew Doughty.
3:38 of 2nd period - Stopped by Petr Mrazek with a rebound.
3:40 of 2nd period - Snap shot by Stefan Ruzicka.
3:40 of 2nd period - Shot Misses the Net.
3:42 of 2nd period - Slapshot by Drew Doughty.
3:42 of 2nd period - Deflect By Rob Schremp.
3:42 of 2nd period - Deflect By Erik Gudbranson.
3:42 of 2nd period - Stopped by Petr Mrazek with a rebound.
3:44 of 2nd period - Snap shot by Stefan Ruzicka.
3:44 of 2nd period - Shot Misses the Net.
4:22 of 2nd period - Wrist shot by Eric Wellwood.
4:22 of 2nd period - Stopped by Tyler Weiman with a rebound.
4:37 of 2nd period - Icing by Maxim Afinogenov.
4:38 of 2nd period - Jean-Gabriel Pageau wins face-off versus Jason Spezza in Sharks zone.
5:05 of 2nd period - Nikolai Kulemin is hit by Patrick Eaves.
5:23 of 2nd period - Snap shot by Matt Duchene.
5:23 of 2nd period - Stopped by Tyler Weiman with a rebound.
5:37 of 2nd period - Wrist shot by Rob Schremp.
5:37 of 2nd period - Shot Blocked by Radko Gudas.
6:01 of 2nd period - Snap shot by Kyle Clifford.
6:01 of 2nd period - Stopped by Tyler Weiman with a rebound.
6:03 of 2nd period - Snap shot by Drew Stafford.
6:03 of 2nd period - Shot Misses the Net.
6:05 of 2nd period - Wrist shot by Kyle Clifford.
6:05 of 2nd period - Stopped by Tyler Weiman with a rebound.
6:49 of 2nd period - Off-side.
6:50 of 2nd period - Jason Spezza wins face-off versus Erik Christensen in neutral zone.
7:17 of 2nd period - T.J. Hensick is hit by Jonathan Sigalet and loses puck.
7:41 of 2nd period - Off-side.
7:42 of 2nd period - Jason Spezza wins face-off versus Matt Duchene in neutral zone.
7:58 of 2nd period - Slapshot by Milan Michalek.
7:58 of 2nd period - Goal by Milan Michalek - Panthers : 2 - Sharks : 1.
7:59 of 2nd period - Jason Spezza wins face-off versus Jean-Gabriel Pageau in neutral zone.
8:02 of 2nd period - Slapshot by Andrej Sekera.
8:02 of 2nd period - Shot Blocked by Matthew Spiller.
8:04 of 2nd period - Snap shot by Jason Spezza.
8:04 of 2nd period - Goal by Jason Spezza - Panthers : 2 - Sharks : 2.
8:05 of 2nd period - Jean-Gabriel Pageau wins face-off versus Jason Spezza in neutral zone.
8:22 of 2nd period - Minor Penalty to Maxim Afinogenov for Hooking.
8:23 of 2nd period - Tomas Kopecky wins face-off versus Jason Spezza in Sharks zone.
8:30 of 2nd period - Icing by Tomas Kopecky.
8:31 of 2nd period - Matt Duchene wins face-off versus Jason Spezza in Panthers zone.
9:02 of 2nd period - Snap shot by Drew Stafford.
9:02 of 2nd period - Stopped by Tyler Weiman with a rebound.
9:20 of 2nd period - Mike Komisarek is hit by Nate Prosser.
10:22 of 2nd period - Penalty to Maxim Afinogenov is over, Maxim Afinogenov is back on ice.
10:31 of 2nd period - Wrist shot by Jordan LaVallee.
10:31 of 2nd period - Stopped by Petr Mrazek with a rebound.
10:50 of 2nd period - Off-side.
10:51 of 2nd period - Jonathan Matsumoto wins face-off versus Rob Schremp in neutral zone.
11:13 of 2nd period - Slapshot by Rob Schremp.
11:13 of 2nd period - Shot Blocked by Eric Wellwood.
11:15 of 2nd period - Slapshot by Adam Larsson.
11:15 of 2nd period - Stopped by Petr Mrazek without a rebound.
11:16 of 2nd period - Jason Spezza wins face-off versus Jean-Gabriel Pageau in Panthers zone.
11:21 of 2nd period - Wrist shot by Milan Michalek.
11:21 of 2nd period - Shot Misses the Net.
12:56 of 2nd period - Snap shot by Rob Schremp.
12:56 of 2nd period - Deflect By Radko Gudas.
12:56 of 2nd period - Shot Hit the Post.
12:56 of 2nd period - Puck is out of play.
12:57 of 2nd period - Rob Schremp wins face-off versus Jean-Gabriel Pageau in Panthers zone.
13:44 of 2nd period - Radko Gudas is hit by Rob Schremp and loses puck.
14:01 of 2nd period - Wrist shot by Kyle Clifford.
14:01 of 2nd period - Deflect By Drew Stafford.
14:01 of 2nd period - Shot Misses the Net.
14:01 of 2nd period - Puck is out of play.
14:02 of 2nd period - Matt Duchene wins face-off versus Jason Spezza in Sharks zone.
14:03 of 2nd period - Slapshot by Erik Gudbranson.
14:03 of 2nd period - Deflect By Drew Doughty.
14:03 of 2nd period - Stopped by Tyler Weiman without a rebound.
14:04 of 2nd period - Matt Duchene wins face-off versus Jason Spezza in Sharks zone.
14:05 of 2nd period - Slapshot by Alex Galchenyuk.
14:05 of 2nd period - Shot Blocked by Drew Doughty.
14:52 of 2nd period - Slapshot by Eric Wellwood.
14:52 of 2nd period - Shot Misses the Net.
14:54 of 2nd period - Slapshot by Mike Komisarek.
14:54 of 2nd period - Stopped by Tyler Weiman with a rebound.
14:56 of 2nd period - Snap shot by Patrick Eaves.
14:56 of 2nd period - Stopped by Tyler Weiman with a rebound.
14:58 of 2nd period - Slapshot by Jonathan Sigalet.
14:58 of 2nd period - Shot Misses the Net.
15:00 of 2nd period - Snap shot by Jonathan Matsumoto.
15:00 of 2nd period - Shot Misses the Net.
15:02 of 2nd period - Snap shot by Jonathan Sigalet.
15:02 of 2nd period - Stopped by Tyler Weiman with a rebound.
15:29 of 2nd period - Icing by Jonathan Sigalet.
15:30 of 2nd period - Rob Schremp wins face-off versus Jean-Gabriel Pageau in Panthers zone.
15:48 of 2nd period - Icing by Drew Doughty.
15:49 of 2nd period - Matt Duchene wins face-off versus T.J. Hensick in Sharks zone.
15:50 of 2nd period - Wrist shot by Alex Galchenyuk.
15:50 of 2nd period - Stopped by Tyler Weiman without a rebound.
15:51 of 2nd period - Jason Spezza wins face-off versus Matt Duchene in Sharks zone.
15:51 of 2nd period - Jason Spezza is hit by Alex Galchenyuk.
15:59 of 2nd period - Slapshot by Drew Doughty.
15:59 of 2nd period - Shot Misses the Net.
16:53 of 2nd period - Snap shot by Oskar Osala.
16:53 of 2nd period - Shot Misses the Net.
17:05 of 2nd period - Jonathan Sigalet is hit by Jordan LaVallee.
17:38 of 2nd period - Icing by Jason Spezza.
17:39 of 2nd period - Jean-Gabriel Pageau wins face-off versus T.J. Hensick in Sharks zone.
17:50 of 2nd period - Wrist shot by Drew Stafford.
17:50 of 2nd period - Stopped by Tyler Weiman with a rebound.
17:52 of 2nd period - Snap shot by Kyle Clifford.
17:52 of 2nd period - Stopped by Tyler Weiman without a rebound.
17:53 of 2nd period - Matt Duchene wins face-off versus Jason Spezza in Sharks zone.
18:22 of 2nd period - Slapshot by Erik Christensen.
18:22 of 2nd period - Shot Misses the Net.
18:36 of 2nd period - Minor Penalty to Maxim Afinogenov for Hooking.
18:37 of 2nd period - Jason Spezza wins face-off versus Matt Duchene in Sharks zone.
18:37 of 2nd period - Jason Spezza is hit by Matt Duchene.
19:01 of 2nd period - Wrist shot by Drew Stafford.
19:01 of 2nd period - Deflect By Milan Michalek.
19:01 of 2nd period - Stopped by Tyler Weiman with a rebound.
19:15 of 2nd period - Wrist shot by T.J. Hensick.
19:15 of 2nd period - Deflect By Stefan Ruzicka.
19:15 of 2nd period - Stopped by Petr Mrazek without a rebound.
19:16 of 2nd period - Matt Duchene wins face-off versus Jason Spezza in Panthers zone.
19:21 of 2nd period - Slapshot by Erik Gudbranson.
19:21 of 2nd period - Deflect By T.J. Hensick.
19:21 of 2nd period - Stopped by Tyler Weiman with a rebound.
19:58 of 2nd period - Snap shot by Alex Galchenyuk.
19:58 of 2nd period - Stopped by Tyler Weiman with a rebound.
Goals for this period are 0 for Panthers vs 2 for Sharks.
Shots for this period are 15 for Panthers vs 10 for Sharks.
3rd period
0:01 of 3rd period - Matt Duchene wins face-off versus Jason Spezza in neutral zone.
0:36 of 3rd period - Penalty to Maxim Afinogenov is over, Maxim Afinogenov is back on ice.
1:02 of 3rd period - Minor Penalty to Jordan LaVallee for Tripping.
1:03 of 3rd period - Matt Duchene wins face-off versus Jason Spezza in Sharks zone.
2:59 of 3rd period - Icing by Matt Duchene.
3:00 of 3rd period - Jason Spezza wins face-off versus Matt Duchene in Panthers zone.
3:02 of 3rd period - Penalty to Jordan LaVallee is over, Jordan LaVallee is back on ice.
3:13 of 3rd period - Wrist shot by T.J. Hensick.
3:13 of 3rd period - Shot Misses the Net.
3:31 of 3rd period - Snap shot by Patrick Eaves.
3:31 of 3rd period - Shot Misses the Net.
3:33 of 3rd period - Wrist shot by Patrick Eaves.
3:33 of 3rd period - Shot Misses the Net.
3:35 of 3rd period - Snap shot by Eric Wellwood.
3:35 of 3rd period - Deflect By Oskar Osala.
3:35 of 3rd period - Goal by Eric Wellwood - Panthers : 3 - Sharks : 2.
3:36 of 3rd period - Jason Spezza wins face-off versus Tomas Kopecky in neutral zone.
3:39 of 3rd period - Alex Galchenyuk is hit by Maxim Afinogenov and loses puck.
3:48 of 3rd period - Snap shot by Jason Spezza.
3:48 of 3rd period - Deflect By Maxim Afinogenov.
3:48 of 3rd period - Goal by Maxim Afinogenov - Panthers : 3 - Sharks : 3.
3:49 of 3rd period - Jason Spezza wins face-off versus Matt Duchene in neutral zone.
4:14 of 3rd period - Erik Gudbranson is hit by Oskar Osala and loses puck.
5:03 of 3rd period - Wrist shot by Maxim Afinogenov.
5:03 of 3rd period - Shot Blocked by Steve Quailer.
5:05 of 3rd period - Snap shot by Jason Spezza.
5:05 of 3rd period - Shot Misses the Net.
5:14 of 3rd period - Off-side.
5:15 of 3rd period - Jonathan Matsumoto wins face-off versus Darren Helm in neutral zone.
5:19 of 3rd period - Off-side.
5:20 of 3rd period - Darren Helm wins face-off versus Jonathan Matsumoto in neutral zone.
5:35 of 3rd period - Andrej Sekera is hit by Jonathan Matsumoto and loses puck.
6:12 of 3rd period - Snap shot by Nick Palmieri.
6:12 of 3rd period - Stopped by Petr Mrazek without a rebound.
6:13 of 3rd period - T.J. Hensick wins face-off versus Jean-Gabriel Pageau in Panthers zone.
6:31 of 3rd period - Jean-Gabriel Pageau is hit by Nick Palmieri and loses puck.
7:10 of 3rd period - Slapshot by Matthew Spiller.
7:10 of 3rd period - Stopped by Tyler Weiman with a rebound.
7:16 of 3rd period - Kyle Clifford is hit by T.J. Hensick.
7:24 of 3rd period - Slapshot by Kyle Clifford.
7:24 of 3rd period - Stopped by Tyler Weiman with a rebound.
7:30 of 3rd period - Wrist shot by Nikolai Kulemin.
7:30 of 3rd period - Stopped by Petr Mrazek with a rebound.
7:32 of 3rd period - Wrist shot by T.J. Hensick.
7:32 of 3rd period - Shot Misses the Net.
7:38 of 3rd period - Snap shot by Nikolai Kulemin.
7:38 of 3rd period - Stopped by Petr Mrazek with a rebound.
7:48 of 3rd period - Wrist shot by Kyle Clifford.
7:48 of 3rd period - Goal by Kyle Clifford - Panthers : 4 - Sharks : 3.
7:49 of 3rd period - Jason Spezza wins face-off versus Matt Duchene in neutral zone.
7:55 of 3rd period - Minor Penalty to Jonathan Sigalet for Elbowing.
7:56 of 3rd period - Jason Spezza wins face-off versus Erik Christensen in Panthers zone.
7:58 of 3rd period - Wrist shot by Maxim Afinogenov.
7:58 of 3rd period - Stopped by Petr Mrazek with a rebound.
8:00 of 3rd period - Snap shot by Jason Spezza.
8:00 of 3rd period - Goal by Jason Spezza - Panthers : 4 - Sharks : 4.
8:01 of 3rd period - Jason Spezza wins face-off versus Matt Duchene in neutral zone.
8:51 of 3rd period - Snap shot by Erik Christensen.
8:51 of 3rd period - Stopped by Tyler Weiman without a rebound.
8:52 of 3rd period - Erik Christensen wins face-off versus Rob Schremp in Sharks zone.
9:07 of 3rd period - Snap shot by Radko Gudas.
9:07 of 3rd period - Shot Blocked by Andrew MacDonald.
9:16 of 3rd period - Off-side.
9:17 of 3rd period - Milan Michalek wins face-off versus Matt Duchene in neutral zone.
10:43 of 3rd period - Matthew Spiller is hit by Adam Larsson and loses puck.
11:08 of 3rd period - Snap shot by Nikolai Kulemin.
11:08 of 3rd period - Stopped by Petr Mrazek without a rebound.
11:09 of 3rd period - Jean-Gabriel Pageau wins face-off versus T.J. Hensick in Panthers zone.
11:33 of 3rd period - Wrist shot by Kyle Clifford.
11:33 of 3rd period - Stopped by Tyler Weiman with a rebound.
11:53 of 3rd period - Wrist shot by Jiri Tlusty.
11:53 of 3rd period - Shot Blocked by Drew Stafford.
11:55 of 3rd period - Backhand shot by Jiri Tlusty.
11:55 of 3rd period - Shot Misses the Net.
11:57 of 3rd period - Snap shot by Darren Helm.
11:57 of 3rd period - Shot Misses the Net.
11:59 of 3rd period - Backhand shot by Andrew MacDonald.
11:59 of 3rd period - Shot Blocked by Jonathan Sigalet.
12:01 of 3rd period - Snap shot by Jordan LaVallee.
12:01 of 3rd period - Shot Misses the Net.
12:23 of 3rd period - Minor Penalty to Jonathan Sigalet for Delaying the game.
12:24 of 3rd period - Erik Christensen wins face-off versus Jason Spezza in Panthers zone.
12:31 of 3rd period - Off-side.
12:32 of 3rd period - Jason Spezza wins face-off versus Erik Christensen in neutral zone.
12:47 of 3rd period - Snap shot by Drew Doughty.
12:47 of 3rd period - Shot Blocked by Steve Quailer.
13:16 of 3rd period - Off-side.
13:17 of 3rd period - Jason Spezza wins face-off versus Erik Christensen in neutral zone.
14:12 of 3rd period - Icing by Andrej Sekera.
14:13 of 3rd period - Nikolai Kulemin wins face-off versus Steve Quailer in Sharks zone.
14:18 of 3rd period - Drew Stafford is hit by Nick Palmieri and loses puck.
14:23 of 3rd period - Penalty to Jonathan Sigalet is over, Jonathan Sigalet is back on ice.
14:44 of 3rd period - Slapshot by Matt Duchene.
14:44 of 3rd period - Shot Blocked by Oskar Osala.
15:02 of 3rd period - Wrist shot by Jason Spezza.
15:02 of 3rd period - Shot Misses the Net.
15:04 of 3rd period - Snap shot by Jason Spezza.
15:04 of 3rd period - Shot Misses the Net.
15:28 of 3rd period - Snap shot by Daniel Sedin.
15:28 of 3rd period - Deflect By Steve Quailer.
15:28 of 3rd period - Goal by Steve Quailer - Panthers : 5 - Sharks : 4.
15:29 of 3rd period - Rob Schremp wins face-off versus Erik Christensen in neutral zone.
15:34 of 3rd period - Wrist shot by Rob Schremp.
15:34 of 3rd period - Shot Misses the Net.
15:55 of 3rd period - Matt Duchene is hit by Jason Spezza and loses puck.
16:50 of 3rd period - Minor Penalty to Patrick Eaves for Hooking.
16:51 of 3rd period - Erik Christensen wins face-off versus Milan Michalek in Panthers zone.
16:51 of 3rd period - Erik Christensen is hit by Andrej Sekera.
18:05 of 3rd period - Icing by Nate Prosser.
18:06 of 3rd period - Jean-Gabriel Pageau wins face-off versus T.J. Hensick in Sharks zone.
18:50 of 3rd period - Penalty to Patrick Eaves is over, Patrick Eaves is back on ice.
18:57 of 3rd period - Sharks, Tyler Weiman is pulled from the net.
19:07 of 3rd period - Wrist shot by Maxim Afinogenov.
19:07 of 3rd period - Stopped by Petr Mrazek with a rebound.
19:09 of 3rd period - Snap shot by Maxim Afinogenov.
19:09 of 3rd period - Goal by Maxim Afinogenov - Panthers : 5 - Sharks : 5.
19:09 of 3rd period - Tyler Weiman from Sharks was sent back in the game.
19:10 of 3rd period - Erik Christensen wins face-off versus Rob Schremp in neutral zone.
19:15 of 3rd period - Wrist shot by Steve Quailer.
19:15 of 3rd period - Shot Misses the Net.
19:17 of 3rd period - Snap shot by Steve Quailer.
19:17 of 3rd period - Deflect By Erik Christensen.
19:17 of 3rd period - Shot Blocked by Nate Prosser.
19:17 of 3rd period - Puck is out of play.
19:18 of 3rd period - Daniel Sedin wins face-off versus Rob Schremp in Sharks zone.
19:47 of 3rd period - Snap shot by Nick Palmieri.
19:47 of 3rd period - Shot Misses the Net.
Goals for this period are 3 for Panthers vs 3 for Sharks.
Shots for this period are 7 for Panthers vs 9 for Sharks.
Overtime #1
0:01 of 1st overtime period - Jason Spezza wins face-off versus Matt Duchene in neutral zone.
0:19 of 1st overtime period - Matt Duchene is hit by Milan Michalek and loses puck.
0:50 of 1st overtime period - Slapshot by T.J. Hensick.
0:50 of 1st overtime period - Deflect By Maxim Afinogenov.
0:50 of 1st overtime period - Stopped by Petr Mrazek without a rebound.
0:51 of 1st overtime period - Kyle Clifford wins face-off versus Maxim Afinogenov in Panthers zone.
0:58 of 1st overtime period - Snap shot by Jean-Gabriel Pageau.
0:58 of 1st overtime period - Shot Misses the Net.
1:24 of 1st overtime period - Snap shot by Maxim Afinogenov.
1:24 of 1st overtime period - Stopped by Petr Mrazek with a rebound.
1:26 of 1st overtime period - Slapshot by Andrew MacDonald.
1:26 of 1st overtime period - Stopped by Petr Mrazek with a rebound.
1:28 of 1st overtime period - Snap shot by Andrej Sekera.
1:28 of 1st overtime period - Stopped by Petr Mrazek with a rebound.
1:43 of 1st overtime period - Snap shot by T.J. Hensick.
1:43 of 1st overtime period - Deflect By Maxim Afinogenov.
1:43 of 1st overtime period - Shot Blocked by Jean-Gabriel Pageau.
1:43 of 1st overtime period - Puck is out of play.
1:44 of 1st overtime period - Matt Duchene wins face-off versus Jason Spezza in Panthers zone.
2:59 of 1st overtime period - Snap shot by Stefan Ruzicka.
2:59 of 1st overtime period - Stopped by Petr Mrazek with a rebound.
3:01 of 1st overtime period - Wrist shot by Jordan LaVallee.
3:01 of 1st overtime period - Stopped by Petr Mrazek without a rebound.
3:02 of 1st overtime period - Stefan Ruzicka wins face-off versus Matt Duchene in Panthers zone.
3:07 of 1st overtime period - Backhand shot by Stefan Ruzicka.
3:07 of 1st overtime period - Shot Misses the Net.
3:09 of 1st overtime period - Slapshot by Drew Doughty.
3:09 of 1st overtime period - Shot Misses the Net.
3:11 of 1st overtime period - Snap shot by Stefan Ruzicka.
3:11 of 1st overtime period - Shot Blocked by Eric Wellwood.
3:13 of 1st overtime period - Snap shot by Drew Doughty.
3:13 of 1st overtime period - Deflect By Jordan LaVallee.
3:13 of 1st overtime period - Shot Blocked by Erik Gudbranson.
3:13 of 1st overtime period - Puck is out of play.
3:14 of 1st overtime period - Matt Duchene wins face-off versus Jason Spezza in Panthers zone.
3:56 of 1st overtime period - Icing by T.J. Hensick.
3:57 of 1st overtime period - Maxim Afinogenov wins face-off versus Jean-Gabriel Pageau in Sharks zone.
4:16 of 1st overtime period - Snap shot by T.J. Hensick.
4:16 of 1st overtime period - Shot Misses the Net.
4:18 of 1st overtime period - Slapshot by Andrew MacDonald.
4:18 of 1st overtime period - Shot Blocked by Jonathan Sigalet.
4:20 of 1st overtime period - Slapshot by Nate Prosser.
4:20 of 1st overtime period - Stopped by Petr Mrazek without a rebound.
4:21 of 1st overtime period - Matt Duchene wins face-off versus Jason Spezza in Panthers zone.
Goals for this period are 0 for Panthers vs 0 for Sharks.
Shots for this period are 0 for Panthers vs 7 for Sharks.
ShootOut
5:00 of 1st overtime period - Round #1.
5:00 of 1st overtime period - Panthers, Alex Galchenyuk.
5:00 of 1st overtime period - Snap shot by Alex Galchenyuk.
5:00 of 1st overtime period - Stopped by Tyler Weiman.
5:00 of 1st overtime period - Sharks, Jason Spezza.
5:00 of 1st overtime period - Backhand shot by Jason Spezza.
5:00 of 1st overtime period - Goal by Jason Spezza.
5:00 of 1st overtime period - Round #2.
5:00 of 1st overtime period - Panthers, Daniel Sedin.
5:00 of 1st overtime period - Deke by Daniel Sedin.
5:00 of 1st overtime period - Stopped by Tyler Weiman.
5:00 of 1st overtime period - Sharks, Milan Michalek.
5:00 of 1st overtime period - Deke by Milan Michalek.
5:00 of 1st overtime period - Shot Misses the Net.
5:00 of 1st overtime period - Round #3.
5:00 of 1st overtime period - Panthers, Drew Stafford.
5:00 of 1st overtime period - Snap shot by Drew Stafford.
5:00 of 1st overtime period - Stopped by Tyler Weiman.
Back to the Top